 Dungeon Crawl Stone Soup version 0.18.1-48-g4cf74bf (webtiles) character file.

1358 nikopol the Chopper (level 8, -3/73 HPs)
             Began as a Minotaur Berserker on Sept 3, 2016.
             Was a Priest of Trog.
             Slain by an ogre
             ... wielding a +0 giant spiked club
              (25 damage)
             ... on level 5 of the Dungeon.
             The game lasted 00:07:19 (3919 turns).

nikopol the Chopper (Minotaur Berserker)            Turns: 3919, Time: 00:07:20

Health: -3/73      AC:  9    Str: 23    XL:     8   Next: 37%
Magic:  7/7        EV: 12    Int:  4    God:    Trog [***...]
Gold:   228        SH:  0    Dex: 11    Spells: 0 memorised, 7 levels left

rFire  . . .     SeeInvis .     a - +0 hand axe
rCold  . . .     Gourm    .     q - +0 scale mail
rNeg   . . .     Faith    .     (no shield)
rPois  .         Spirit   .     (helmet restricted)
rElec  .         Dismiss  .     x - +0 cloak
rCorr  .         Reflect  .     (no gloves)
SustAt .         Harm     .     (no boots)
MR     .....                    (no amulet)
Stlth  ..........               (no ring)
                                (no ring)

@: not resistant to hostile enchantments, extremely unstealthy
A: retaliatory headbutt, horns 2
a: Berserk, Trog's Hand, Burn Spellbooks, Renounce Religion


You were on level 5 of the Dungeon.
You worshipped Trog.
Trog was most pleased with you.
You were hungry.

You visited 1 branch of the dungeon, and saw 5 of its levels.

You collected 228 gold pieces.

Inventory:

Hand Weapons
 a - a +0 hand axe (weapon)
Missiles
 i - 24 arrows (quivered)
Armour
 b - a +0 animal skin
 f - a +0 ring mail
 q - a +0 scale mail (worn)
 x - a +0 cloak (worn)
Jewellery
 m - an uncursed ring of stealth {unknown}
Wands
 v - a wand of digging (15/24)
Scrolls
 d - 7 scrolls of identify {unknown}
 e - 2 scrolls of remove curse {unknown}
 h - 3 scrolls of teleportation {unknown}
 n - a scroll of magic mapping {unknown}
 p - a scroll of amnesia {unknown}
 r - a scroll of recharging {unknown}
 u - a scroll of enchant armour {unknown}
Potions
 g - 3 potions of flight {unknown}
 j - 3 potions of berserk rage {unknown}
 k - a potion of curing {unknown}
 o - a potion of haste {unknown}
 t - a potion of mutation {unknown}
 z - a potion of might {unknown}
 A - a potion of cancellation {unknown}
Books
 s - a book of Changes

   Spells                             Type                      Level
   a - Beastly Appendage              Transmutation                1
   b - Sticks to Snakes               Transmutation                2
   c - Spider Form                    Transmutation/Poison         3
   d - Ice Form                       Ice/Transmutation            4
   e - Blade Hands                    Transmutation                5
   Trog disapproves of the use of such an item.
Comestibles
 c - 7 bread rations
 l - 2 meat rations


   Skills:
 + Level 7.1 Fighting
 + Level 7.2 Axes
 + Level 6.5 Armour
 + Level 5.9 Dodging


You had 7 spell levels left.
You didn't know any spells.

Dungeon Overview and Level Annotations

Branches:
Dungeon (5/15)             Temple (0/1) D:4

Altars:


Innate Abilities, Weirdness & Mutations

You reflexively headbutt those who attack you in melee.
You have a pair of horns on your head.


Message History

You hit the centaur.
The centaur is moderately wounded.
The centaur hits you but does no damage.
The centaur barely misses you.
You hit the centaur. You headbutt the centaur!
You kill the centaur!
Trog accepts your kill.
No target in view!
No target in view!
The ogre hits you with a giant spiked club!
You see here 2 arrows.
You barely miss the ogre. You headbutt the ogre!
The ogre is moderately wounded.
The ogre hits you with a giant spiked club!
You hit the ogre.
The ogre is moderately wounded.
You hit the ogre but do no damage.
The ogre is moderately wounded.
The ogre hits you with a giant spiked club!!
You die...

## ####### .. ....... ..
########. ##.....#...
##.#........ #....#.#..
...#.......####.>##....
..$..........(......####
...........#.##(O##......
#.#.........?##.@........
.........#######........
..#))........##..).$....
#.#.รท....###.##.........
#.#......##.>...........
##(#......#..##..####....
#....>.###.......# ....
#.#.#..##...###... .##
#.#........##...# #


You could see an ogre.

Vanquished Creatures
  Sigmund (D:4)
  Duvessa (D:4)
  An ice beast (D:5)
  A sky beast (D:5)
  2 ogres (D:5)
  A phantom (D:4)
  A centaur (D:5)
  Dowan (D:4)
  2 howler monkeys
  A hound (D:4)
  A jelly (D:5)
  A centaur skeleton (D:5)
  3 orc wizards (D:4)
  4 worker ants (D:4)
  A hound skeleton (D:4)
  11 adders
  An adder skeleton (D:4)
  A worm (D:3)
  4 giant geckos
  8 orcs
  8 giant cockroaches
  5 goblins
  8 hobgoblins
  3 jackals (D:5)
  4 bats
  4 giant newts
  10 kobolds
  5 rats
94 creatures vanquished.

Notes
Turn   | Place    | Note
--------------------------------------------------------------
     0 | D:1      | nikopol the Minotaur Berserker began the quest for the Orb.
     0 | D:1      | Reached XP level 1. HP: 19/19 MP: 0/0
   123 | D:1      | Reached XP level 2. HP: 27/27 MP: 1/1
   959 | D:2      | Reached XP level 3. HP: 33/33 MP: 2/2
   960 | D:2      | Reached ** piety under Trog
  1621 | D:3      | Reached XP level 4. HP: 28/41 MP: 3/3
  2172 | D:4      | Reached XP level 5. HP: 37/47 MP: 4/4
  2359 | D:4      | Reached skill level 5 in Fighting
  2376 | D:4      | Noticed a phantom
  2392 | D:4      | Killed a phantom
  2392 | D:4      | Reached skill level 5 in Axes
  2392 | D:4      | Reached XP level 6. HP: 46/56 MP: 5/5
  2463 | D:4      | Noticed Sigmund
  2472 | D:4      | Killed Sigmund
  2596 | D:4      | Reached skill level 5 in Armour
  2597 | D:4      | Noticed Duvessa
  2598 | D:4      | Noticed Dowan
  2606 | D:4      | Killed Duvessa
  2606 | D:4      | Reached XP level 7. HP: 36/62 MP: 6/6
  2614 | D:4      | Killed Dowan
  2654 | D:4      | Reached *** piety under Trog
  3169 | D:4      | Found a staircase to the Ecumenical Temple.
  3249 | D:4      | Reached skill level 5 in Dodging
  3385 | D:5      | Entered Level 5 of the Dungeon
  3453 | D:5      | Reached XP level 8. HP: 24/71 MP: 7/7
  3919 | D:5      | Slain by an ogre

Skill      XL: |  1  2  3  4  5  6  7  8 |
---------------+-------------------------+-----
Fighting       | 4 5 6 7 |  7.1
Axes           | 4 5 6 7 |  7.2
Armour         | 3 4 5 6 |  6.5
Dodging        | 3 4 5 |  5.9

Action                   |  1- 3 |  4- 6 |  7- 9 || total
-------------------------+-------+-------+-------++-------
Melee: Hand axe          |    82 |    67 |   111 ||   260
       Headbutt          |    13 |    10 |    30 ||    53
Invok: Berserk           |     1 |     1 |     1 ||     3
  Eat: Chunk             |     3 |     4 |     5 ||    12
Armor: Animal skin       |    10 |       |       ||    10
       Ring mail         |    13 |     3 |       ||    16
       Scale mail        |       |    19 |    53 ||    72
Dodge: Dodged            |    52 |    40 |    53 ||   145
